Map: Abiogenesis LE

Players

SirChaos - Winner!

  • Race: Protoss Protoss
  • Spawn Location: 5:00

Kozzy

  • Race: Protoss Protoss
  • League: Gold
  • Spawn Location: 11:00

VOD

Have the link to the VOD?

Description

Time

  • Played on: April 11, 2018, 3:20 p.m.
  • Length: 5:28
Show
View Real Time Build Order
Export as new Build Order

SirChaos Protoss - Winner!

Build Orders: Dark Templar Rush 

Get SALT Encoding   

  12  0:01  Probe (Chrono Boost)  
  13  0:11  Probe (Chrono Boost)  
  14  0:17  Pylon  
  14  0:22  Probe  
  15  0:36  Probe  
  15  0:42  Gateway  
  16  0:47  Assimilator  
  16  0:50  Probe  
  17  1:14  Probe (Chrono Boost)  
  18  1:20  Pylon  
  18  1:24  Probe (Chrono Boost)  
  19  1:29  Probe (Chrono Boost)  
  19  1:30  Cybernetics Core  
  20  1:33  Zealot  
  22  1:55  Probe  
  23  2:04  Warp Gate (Chrono Boost)  
  23  2:07  Probe  
  24  2:09  Stalker  
  24  2:14  Gateway  
  26  2:19  Probe  
  26  2:21  Pylon  
  27  2:32  Probe  
  27  2:34  Assimilator  
  28  2:40  Twilight Council  
  28  2:44  Probe  
  29  2:56  Gateway  
  29  2:58  Gateway  
  29  3:00  Probe  
  30  3:13  Probe, Pylon x2  
  31  3:21  Dark Shrine  
  31  3:42  Gateway  
  31  3:49  Probe  
  31  3:55  Charge (Chrono Boost)  
  32  4:01  Probe  
  33  4:12  Nexus  
  33  4:13  Probe  
  33  4:15  Assimilator  
  34  4:25  Probe  
  35  4:33  Dark Templar  
  35  4:34  Dark Templar  
  39  4:43  Pylon  
  39  4:47  Assimilator  
  39  5:04  Forge  
Show
View Real Time Build Order
Export as new Build Order

Kozzy Protoss 

Build Orders:  

Get SALT Encoding   

  12  0:03  Probe  
  13  0:17  Probe  
  14  0:21  Pylon  
  14  0:29  Probe (Chrono Boost)  
  15  0:40  Gateway  
  15  0:41  Probe (Chrono Boost)  
  16  0:47  Assimilator  
  16  1:01  Probe (Chrono Boost)  
  18  1:12  Probe (Chrono Boost)  
  18  1:15  Assimilator  
  18  1:17  Probe (Chrono Boost)  
  19  1:21  Pylon  
  19  1:30  Probe  
  20  1:42  Probe  
  20  1:45  Cybernetics Core  
  21  1:55  Probe  
  22  2:08  Forge  
  22  2:14  Probe  
  23  2:24  Shield Battery  
  23  2:29  Warp Gate  
  24  2:35  Protoss Ground Weapons Level 1 (Chrono Boost)  
  23  2:37  Stalker  
  25  2:51  Pylon  
  25  2:59  Probe  
  26  3:13  Stalker  
  28  3:20  Pylon, Photon Cannon  
  28  3:41  Twilight Council  
  28  3:45  Probe  
  28  3:47  Stalker  
  31  3:51  Pylon  
  31  4:02  Shield Battery  
  31  4:05  Shield Battery  
  31  4:13  Gateway  
  31  4:25  Dark Shrine  
  31  4:27  Stalker  
  33  4:42  Gateway  
  33  5:07  Stalker  
  33  5:09  Zealot  
  37  5:15  Photon Cannon  
  37  5:18  Pylon  
Tags
 
League
Gold
Matchup
PvP
Spawn Locations
Cross Positions
Add a new tag
Caveats
  • Supply blocks, unpowered buildings, or Contaminate may cause inaccurate times.
  • Supply counts are checked every 10 seconds.